 Dungeon Crawl Stone Soup version 0.31-a0-803-g95b03c3367 (webtiles) character file.

Game seed: 5801195710501323469

129257 Newt the Impaler (level 17, -14/125 HPs)
             Began as a Merfolk Gladiator on Sept 20, 2023.
             Was the Champion of Hepliaklqana.
             Demolished by a spriggan defender simulacrum (29 damage)
             ... in an ice cave.
             The game lasted 00:38:22 (27659 turns).

Newt the Impaler (Merfolk Gladiator)               Turns: 27659, Time: 00:38:23

Health: -14/125    AC: 30    Str: 20    XL:     17   Next: 5%
Magic:  29/29      EV: 11    Int: 14    God:    Hepliaklqana [******]
Gold:   861        SH:  0    Dex: 11    Spells: 33/33 levels left

rFire   + + .        U - +8 glaive (venom)
rCold   . . .        (shield currently unavailable)
rNeg    + + .        G - +8 chain mail of the Fiddle {rN+}
rPois   +            c - +1 helmet
rElec   .            D - +1 cloak
rCorr   +            x - +0 pair of gloves of the Fiddle {rCorr}
SInv    .            a - +1 pair of boots "Zeysuh" {rF+ rN+}
Will    +++..        m - amulet "Xalas" {RegenMP Will++ Regen+ rCorr Dex-5} Stlth
                     W - ring "Zamuiroim" {*Slow rPois rCorr Int+5 Slay+3}
HPRegen 1.20/turn    E - +4 ring of slaying
MPRegen 0.61/turn

%: slow self (1%)
@: no status effects
A: reduced essence, (nimble swimmer 2), mertail, fire resistance 1
a: Renounce Religion, Recall Ancestor, Ancestor Identity, Transference, Idealise


You were in an ice cave.
You worshipped Hepliaklqana.
Hepliaklqana was exalted by your worship.
You visited 6 branches of the dungeon, and saw 27 of its levels.
You also visited: Sewer, Ossuary, Gauntlet and Ice Cave.

You collected 2944 gold pieces.
You spent 2083 gold pieces at shops.

Inventory:

Hand Weapons
 U - a +8 glaive of venom (weapon)
Missiles
 d - a throwing net
 e - 7 javelins
 k - 13 silver javelins
Armour
 a - the +1 pair of boots "Zeysuh" (worn) {rF+ rN+}
   (You acquired it on level 13 of the Dungeon)

   rF+:       It protects you from fire.
   rN+:       It protects you from negative energy.
 c - a +1 helmet (worn)
 x - the +0 pair of gloves of the Fiddle (worn) {rCorr}
   (You found it on level 5 of the Dungeon)

   rCorr:     It protects you from acid and corrosion.
 D - a +1 cloak (worn)
 G - the +8 chain mail of the Fiddle (worn) {rN+}
   (You found it on level 6 of the Dungeon)

   rN+:       It protects you from negative energy.
 N - a +4 chain mail of cold resistance
Jewellery
 l - a ring of willpower
 m - the amulet "Xalas" (around neck) {RegenMP Will++ Regen+ rCorr Dex-5}
   (You acquired it on level 2 of the Orcish Mines)

   [amulet of magic regeneration]

   RegenMP:   It increases your rate of magic regeneration.
   Dex-5:     It affects your dexterity (-5).
   Will++:    It greatly increases your willpower.
   Regen+:    It increases your rate of health regeneration.
   rCorr:     It protects you from acid and corrosion.
 y - a ring of protection from fire
 z - a ring of wizardry
 E - a +4 ring of slaying (right hand)
 K - the amulet of Edgha {rF++ Regen+}
   (You bought it in a shop on level 2 of the Orcish Mines)

   [amulet of regeneration]

   rF++:      It greatly protects you from fire.
   Regen+:    It increases your rate of health regeneration.
 P - the ring of Secrets {Fly Int+7}
   (You found it in a Gauntlet)

   [ring of flight]

   Int+7:     It affects your intelligence (+7).
   Fly:       It grants you flight.
 W - the ring "Zamuiroim" (left hand) {*Slow rPois rCorr Int+5 Slay+3}
   (You took it off a minotaur in a Gauntlet)

   [ring of resist corrosion]

   Int+5:     It affects your intelligence (+5).
   Slay+3:    It affects your accuracy & damage with ranged weapons and melee
   (+3).
   rPois:     It protects you from poison rCorr: It protects you from acid and
   corrosion.
   *Slow:     It may slow you when you take damage.
 X - a ring of protection from cold
Wands
 h - a wand of mindburst (2)
 j - a wand of light (1)
 n - a wand of polymorph (6)
 A - a wand of roots (16)
 B - a wand of charming (17)
 L - a wand of digging (9)
 O - a wand of flame (27) (quivered)
Scrolls
 b - 2 scrolls of enchant armour
 g - 3 scrolls of revelation
 q - 4 scrolls of immolation
 H - 6 scrolls of identify
 S - 3 scrolls of poison
 T - a scroll of teleportation
 Y - 3 scrolls of fear
Potions
 i - 3 potions of enlightenment
 o - 12 potions of curing
 r - 2 potions of haste
 s - 9 potions of lignification
 t - 3 potions of might
 u - 3 potions of resistance
 v - 5 potions of brilliance
 w - a potion of ambrosia
 I - 2 potions of heal wounds
 R - a potion of cancellation
 Z - 3 potions of berserk rage
Miscellaneous
 f - a phial of floods
 p - a phantom mirror
 F - a sack of spiders (inert)


   Skills:
 - Level 14.0 Fighting
 - Level 18.0 Polearms
 - Level 2.0 Throwing
 - Level 14.0 Armour
 - Level 7.0 Dodging
 + Level 8.9 Spellcasting
 - Level 9.0 Invocations
 - Level 10.0 Evocations


You had 33 spell levels left.
You didn't know any spells.
Your spell library contained the following spells:

 Spells                   Type           Power      Damage    Failure   Level
 Magic Dart               Conj           24%        1d4       47%         1
 Blink                    Tloc           12%        N/A       63%         2
 Call Imp                 Summ           12%        N/A       63%         2
 Cigotuvi's Dreadful Rot  Necr/Pois/Air  12%        N/A       63%         2
 Ensorcelled Hibernation  Hex/Ice        12%        N/A       63%         2
 Lesser Beckoning         Tloc           12%        N/A       63%         2
 Momentum Strike          Conj/Tloc      12%        3d8       63%         2
 Passwall                 Tmut/Erth      5%         N/A       63%         2
 Scorch                   Fire           12%        2d5       63%         2
 Sublimation of Blood     Necr           6%         N/A       63%         2
 Gell's Gravitas          Tloc           6%         N/A       85%         3
 Ignite Poison            Fire/Tmut/Pois 6%         N/A       85%         3
 Inner Flame              Hex/Fire       6%         N/A       85%         3
 Mephitic Cloud           Conj/Pois/Air  6%         N/A       85%         3
 Stone Arrow              Conj/Erth      12%        3d7       85%         3
 Swiftness                Air            6%         N/A       85%         3
 Teleport Other           Tloc           6%         N/A       85%         3
 Animate Armour           Summ/Erth      12%        N/A       99%         4
 Dispel Undead            Necr           6%         3d8       99%         4
 Flame Wave               Conj/Fire      6%         2d5       99%         4
 Petrify                  Tmut/Erth      6%         N/A       99%         4
 Sticky Flame             Conj/Fire      6%         2d3       99%         4
 Summon Lightning Spire   Summ/Air       6%         N/A       99%         4
 Freezing Cloud           Conj/Ice/Air   3%         6-21      100%        5
 Irradiate                Conj/Tmut      3%         3d12      100%        5
 Iskenderun's Battlesphe  Conj           6%         2d6       100%        5
 Lee's Rapid Deconstruct  Erth           3%         3d5*      100%        5
 Death Channel            Necr           3%         N/A       100%        6
 Dispersal                Tloc           3%         N/A       100%        6
 Leda's Unmaking          Conj/Erth      3%         9d1       100%        6
 Summon Cactus Giant      Summ           3%         N/A       100%        6
 Spellforged Servitor     Conj/Summ      3%         N/A       100%        7
 Lehudib's Crystal Spear  Conj/Erth      3%         10d2      100%        8


Dungeon Overview and Level Annotations

Branches:
Dungeon (15/15)            Temple (1/1) D:5            Lair (5/5) D:8
  Swamp (0/4) Lair:2        Snake (3/4) Lair:3        Slime (0/5) Lair:4
    Orc (2/2) D:11            Elf (1/3) Orc:2        Vaults (0/5) D:13
 Depths (0/4) D:15          Sewer (visited)         Ossuary (visited)
  IceCv (1/1)             Gauntlet (visited)

Altars:
Ashenzari
Cheibriados
Dithmenos
Elyvilon
Fedhas
Gozag
Hepliaklqana
Kikubaaqudgha
Makhleb
Nemelex Xobeh
Okawaru
Qazlal
Ru
Sif Muna
Trog
Uskayaw
Vehumet
Wu Jian
Xom
Yredelemnul
Zin
The Shining One
Ignis
Jiyva

Shops:
D:3 (   D:7 ?*   D:10 *   D:11 (   D:14 =   Orc:2 =(*[*

Annotations:
D:7 2 runed translucent doors, pants's ghost, novice HOFi
Snake:1 Jorgrun


Innate Abilities, Weirdness & Mutations

Your life essence is reduced to manifest your ancestor. (-10% HP)
((You are very nimble when in or above water. (Stealth+, EV+, Speed+++)))
Your lower body shifts to a powerful aquatic tail in water.
Your flesh is heat resistant. (rF+)


Message History

Your culicivora closely misses the spriggan defender simulacrum.
The ice devil hits your culicivora! The ice devil freezes your culicivora!!
Your culicivora dies!
Your culicivora's corpse disappears in a puff of smoke!
Unknown command.
You are too injured to fight recklessly!
Your culicivora closely misses the spriggan defender simulacrum.
Your culicivora bites the spriggan defender simulacrum!
Reach: U) +8 glaive (venom)
Press: ? - help, Dir - move target, f - spriggan defender simulacrum
Aim: a spriggan defender simulacrum (moderately damaged, ally target, about 37% to evade your +8 glaive of venom)
You reach to attack!
You miss the spriggan defender simulacrum.
The spriggan defender simulacrum is moderately damaged.
Unknown command.
You slash the spriggan defender simulacrum!
The spriggan defender simulacrum is severely damaged.
The spriggan defender simulacrum hits you.
* * * LOW HITPOINT WARNING * * *
The spriggan defender simulacrum freezes you!
* * * LOW HITPOINT WARNING * * *
Your culicivora barely misses the spriggan defender simulacrum.
The spriggan defender simulacrum closely misses you.
Unknown command.
You miss the spriggan defender simulacrum.
The spriggan defender simulacrum is severely damaged.
Your culicivora misses the spriggan defender simulacrum.
The ice devil hits your culicivora! The ice devil freezes your culicivora!
The freezing wraith hits your culicivora.
The freezing wraith freezes your culicivora!!
Your culicivora dies!
Your culicivora's corpse disappears in a puff of smoke!
The spriggan defender simulacrum barely misses you.
Unknown command.
You closely miss the spriggan defender simulacrum.
The spriggan defender simulacrum is severely damaged.
The spriggan defender simulacrum hits you.
* * * LOW HITPOINT WARNING * * *
The spriggan defender simulacrum freezes you!!
You die...

##. #. #.. .. .... .##
..... ☼.# ####
.....###.. ######..##
......#.. ##..##....##
......ZW###..........#
......Z4.#.ZW4Z@.∩.∩.#
......##....##.......#
...4. ##..#####....##
.... #### ##..## .#.
#### #


You could see an ice devil, a freezing wraith, a spriggan defender simulacrum
and a deep troll simulacrum.

Vanquished Creatures
  Agnes (Snake:1)
  2 orc warlords (Orc:2)
  A very ugly thing (Snake:2)
  A minotaur (Gauntlet)
  Josephine (Orc:1)
  2 vault guards (D:13)
  5 hydras
  Erica (D:8)
  A catoblepas (Lair:5)
  2 two-headed ogres
  6 dancing weapons (Elf:1)
  5 centaur warriors
  6 boulder beetles
  2 naga warriors (Snake:2)
  5 death yaks (Lair:2)
  4 orc high priests (Orc:2)
  A tengu warrior (D:12)
  Urug (Lair:5)
  A naga sharpshooter (Snake:2)
  3 deep elf knights (Elf:1)
  2 shock serpents
  Sonja (Lair:4)
  4 skeletal warriors (D:15)
  A fire crab (Gauntlet)
  2 goliath frogs (Lair:5)
  4 orc knights (Orc:2)
  A deep elf archer (Elf:1)
  2 wizards
  23 ugly things
  6 deep elf pyromancers
  2 mana vipers
  An oklob plant (Gauntlet)
  A necromancer (D:15)
  A wolf spider (Gauntlet)
  2 manticores
  2 salamanders
  7 deep elf zephyrmancers (Elf:1)
  5 orc sorcerers
  A centaur zombie (D:12)
  5 cyclopes
  4 naga magi
  Joseph (D:7)
  A spectral centaur (D:12)
  3 elephants (Lair:5)
  A gargoyle (D:11)
  A guardian serpent (Snake:2)
  2 centaur skeletons (D:15)
  14 cane toads
  6 black mambas
  An unseen horror (D:9)
  2 rime drakes
  An efreet (D:15)
  7 komodo dragons
  A redback zombie (D:15)
  A kobold demonologist (D:14)
  A tengu conjurer (D:13)
  A tyrant leech (Lair:5)
  4 polar bears
  7 trolls
  3 meliai (D:13)
  A wolf spider simulacrum (D:15)
  30 blink frogs
  8 dream sheep (Lair:5)
  A slime creature (Lair:2)
  A water elemental (D:12)
  2 centaur simulacra (D:15)
  A spriggan (shapeshifter) (D:14)
  3 wraiths (Orc:1)
  A wyvern (Lair:2)
  3 vampires
  2 fire bats (Gauntlet)
  A fire elemental (D:12)
  28 yaks
  7 basilisks
  19 humans (D:13)
  2 redbacks (Gauntlet)
  3 steam dragons
  14 vampire mosquitoes
  11 nagas
  The ghost of Aneyh the Slasher, an amateur TeMo (D:4)
  2 acid dragons
  3 wargs (D:13)
  3 hell hounds (Gauntlet)
  A meliai simulacrum (D:15)
  14 water moccasins
  28 orc warriors
  Pargi (Sewer)
  4 ice beasts
  A sky beast (D:7)
  A black bear (D:6)
  6 ogres
  3 wolves (Lair:5)
  13 centaurs
  A phantom (D:5)
  13 bullfrogs
  A kobold brigand (D:11)
  An earth elemental (D:12)
  A scorpion (D:5)
  6 killer bees (D:7)
  3 electric eels (D:10)
  3 howler monkeys
  3 lava snakes (Lair:3)
  13 jellies
  5 hounds
  17 orc priests
  A sleepcap (D:6)
  2 iguanas
  Natasha (thrice) (D:4)
  A boggart zombie (D:12)
  22 orc wizards
  8 mummies (Ossuary)
  2 gnolls (D:7)
  11 adders
  3 white imps
  An ufetubus (D:6)
  6 worms
  2 dart slugs
  51 orcs
  16 endoplasms
  6 giant cockroaches
  5 goblins
  8 hobgoblins
  7 kobolds
  4 quokkas
  6 ball pythons
  9 bats
  11 frilled lizards
  3 hobgoblin zombies (Ossuary)
  3 orc zombies (Ossuary)
  7 rats
670 creatures vanquished.

Vanquished Creatures (collateral kills)
  A rakshasa (D:14)
  Harold (D:9)
  A caustic shrike simulacrum (IceCv)
  2 naga warriors (Snake:2)
  A skeletal warrior (D:15)
  A spriggan simulacrum (IceCv)
  A deep elf archer (Elf:1)
  2 deep elf pyromancers (Elf:1)
  A necromancer (D:13)
  2 ugly things
  2 deep elf zephyrmancers (Elf:1)
  2 orc knights
  3 elephants (Lair:5)
  A moth of wrath (Gauntlet)
  2 centaur zombies (D:12)
  A guardian serpent (shapeshifter) (D:14)
  4 cane toads (Lair:5)
  A rime drake (Lair:1)
  A tyrant leech (Lair:5)
  An ice devil (IceCv)
  A troll (Orc:2)
  A blink frog (Lair:5)
  2 dream sheep (Lair:5)
  An air elemental (D:12)
  A shadow (D:10)
  A wraith (Orc:1)
  9 yaks
  A fire bat (Gauntlet)
  4 vampire mosquitoes
  A basilisk (D:14)
  2 wargs
  An acid dragon (D:11)
  A water moccasin (Lair:4)
  4 nagas (Snake:2)
  14 orc warriors
  A sky beast (D:8)
  2 centaurs
  A wolf (Lair:5)
  A phantom (D:7)
  4 bullfrogs
  A lava snake (Lair:3)
  3 orc priests
  A hound (D:6)
  3 jellies
  9 orc wizards
  A gnoll (D:7)
  An ufetubus (D:6)
  35 orcs
  A bat (Lair:2)
  5 endoplasms (Lair:2)
  A goblin zombie (D:7)
  A hobgoblin zombie (Ossuary)
  A kobold (D:11)
  A kobold zombie (Ossuary)
  A quokka zombie (D:7)
149 creatures vanquished.

Vanquished Creatures (others)
  A wizard (D:14)
  A deep elf zephyrmancer (Elf:1)
  An orc warrior (Orc:2)
  16 knights
  An orc wizard (D:5)
  3 ancestors (D:7)
23 creatures vanquished.

Grand Total: 842 creatures vanquished

Notes
Turn   | Place    | Note
-------+----------+-------------------------------------------
     0 | D:1      | Newt the Merfolk Gladiator began the quest for the Orb.
     0 | D:1      | Reached XP level 1. HP: 16/16 MP: 1/1
   127 | D:1      | Reached XP level 2. HP: 21/22 MP: 2/2
   263 | D:1      | Reached skill level 5 in Polearms
   721 | D:2      | Reached XP level 3. HP: 27/27 MP: 3/3
   864 | D:2      | Found a shimmering altar of Xom.
  1107 | D:2      | Reached skill level 6 in Polearms
  1492 | D:2      | You fall into a shaft and drop 1 floor!
  1525 | D:3      | Reached XP level 4. HP: 33/33 MP: 4/4
  1534 | D:3      | Reached skill level 7 in Polearms
  1646 | D:3      | Found Telori Dyxu's Weapon Boutique.
  2098 | D:3      | Reached XP level 5. HP: 32/38 MP: 5/5
  2947 | D:4      | Reached skill level 8 in Polearms
  2967 | D:4      | Found a runed translucent door.
  2967 | D:4      | Noticed Aneyh's ghost (amateur TeMo)
  3136 | D:4      | Found a snail-covered altar of Cheibriados.
  3152 | D:4      | Found a glowing golden altar of the Shining One.
  3165 | D:4      | Noticed a centaur
  3175 | D:4      | Killed a centaur
  3176 | D:4      | Reached skill level 9 in Polearms
  3176 | D:4      | Reached XP level 6. HP: 17/44 MP: 6/6
  3239 | D:4      | Found a glowing drain.
  3243 | Sewer    | Entered a sewer
  3408 | Sewer    | Noticed Pargi
  3424 | Sewer    | Killed Pargi
  3572 | D:4      | Gained mutation: You occasionally lose the ability to read
                  | scrolls when taking damage. [potion of mutation]
  3572 | D:4      | Gained mutation: You are partially covered in iridescent
                  | scales. (AC +2) [potion of mutation]
  3572 | D:4      | Gained mutation: You passively dampen the noise of your
                  | surroundings. [potion of mutation]
  3573 | D:4      | Lost mutation: You occasionally lose the ability to read
                  | scrolls when taking damage. [potion of mutation]
  3573 | D:4      | Lost mutation: You passively dampen the noise of your
                  | surroundings. [potion of mutation]
  3573 | D:4      | Lost mutation: You are partially covered in iridescent
                  | scales. (AC +2) [potion of mutation]
  3573 | D:4      | Gained mutation: You are strong-willed. (Will+) [potion of
                  | mutation]
  3573 | D:4      | Gained mutation: You occasionally lose the ability to read
                  | scrolls when taking damage. [potion of mutation]
  3573 | D:4      | Gained mutation: Your skin changes colour to match your
                  | surroundings (Stealth+). [potion of mutation]
  3573 | D:4      | Gained mutation: Your system is resistant to poisons.
                  | (rPois) [potion of mutation]
  3779 | D:4      | Reached skill level 10 in Polearms
  3810 | D:4      | Noticed Natasha
  3817 | D:4      | Killed Natasha
  3818 | D:4      | Reached XP level 7. HP: 37/51 MP: 7/7
  3838 | D:4      | Noticed Natasha
  3851 | D:4      | Killed Natasha
  3940 | D:4      | Noticed Natasha
  3954 | D:4      | Killed Natasha
  3985 | D:5      | Entered Level 5 of the Dungeon
  4007 | D:5      | Identified the +0 pair of gloves of the Fiddle {rCorr}
  4127 | D:5      | Found a shimmering blue altar of Sif Muna.
  4261 | D:5      | Reached skill level 5 in Fighting
  4445 | D:5      | Reached skill level 5 in Dodging
  4597 | D:5      | Found a staircase to the Ecumenical Temple.
  4607 | Temple   | Entered the Ecumenical Temple
  4616 | Temple   | Became a worshipper of Hepliaklqana the Forgotten
  4835 | D:5      | Found a blossoming altar of Fedhas.
  4997 | D:5      | Reached XP level 8. HP: 62/62 MP: 8/8
  5300 | D:6      | Reached skill level 1 in Evocations
  5807 | D:6      | Identified the +8 chain mail of the Fiddle {rN+}
  5847 | D:6      | Reached * piety under Hepliaklqana
  5983 | D:6      | Reached skill level 5 in Evocations
  5983 | D:6      | Reached skill level 1 in Armour
  5998 | D:6      | Found a basalt altar of Yredelemnul.
  5998 | D:6      | Found a shadowy altar of Dithmenos.
  6005 | D:6      | Found a burning altar of Makhleb.
  6187 | D:6      | Reached XP level 9. HP: 58/61 MP: 9/9
  6761 | D:7      | Found a sand-covered staircase.
  6768 | Ossuary  | Entered an ossuary
  6969 | Ossuary  | Reached skill level 5 in Armour
  7324 | D:7      | Found a large runed translucent door.
  7324 | D:7      | Found a large runed translucent door.
  7333 | D:7      | Noticed pants's ghost (novice HOFi)
  7418 | D:7      | Found Zin's Purification Station.
  7419 | D:7      | Found a glowing silver altar of Zin.
  7513 | D:7      | Noticed Joseph
  7528 | D:7      | Killed Joseph
  7529 | D:7      | Reached skill level 11 in Polearms
  7529 | D:7      | Reached XP level 10. HP: 41/66 MP: 10/10
  7715 | D:7      | Found a transporter.
  7715 | D:7      | Found Rushrix's Magic Scroll Emporium.
  7747 | D:7      | Found a transporter.
  7989 | D:7      | Bought a scroll of identify for 24 gold pieces
  7989 | D:7      | Bought a scroll of identify for 24 gold pieces
  8203 | D:4      | Killed Aneyh's ghost
  8434 | D:8      | Reached skill level 12 in Polearms
  8648 | D:8      | Found a staircase to the Lair.
  8656 | D:8      | Reached ** piety under Hepliaklqana
  8657 | D:8      | Remembered your ancestor Iltani as a knight
  8686 | D:8      | Reached skill level 13 in Polearms
  8962 | D:8      | Noticed Erica
  8976 | D:8      | Killed Erica
  8977 | D:8      | Reached skill level 14 in Polearms
  9702 | D:9      | Reached XP level 11. HP: 57/77 MP: 11/11
  9862 | D:9      | Found an ornate altar of the Wu Jian Council.
  9872 | D:9      | Noticed Harold
  9888 | D:9      | Killed Harold
  9964 | D:9      | Noticed a two-headed ogre
  9980 | D:9      | Killed a two-headed ogre
 10435 | D:10     | Entered Level 10 of the Dungeon
 10772 | D:10     | Reached *** piety under Hepliaklqana
 10785 | D:10     | Noticed a centaur warrior
 10799 | D:10     | Killed a centaur warrior
 10852 | D:10     | Found Efaisico's Overcharged Wands.
 10907 | D:10     | Found a stormy altar of Qazlal.
 11298 | D:10     | Lost mutation: You are strong-willed. (Will+) [potion of
                  | mutation]
 11298 | D:10     | Lost mutation: You occasionally lose the ability to read
                  | scrolls when taking damage. [potion of mutation]
 11298 | D:10     | Lost mutation: Your system is resistant to poisons. (rPois)
                  | [potion of mutation]
 11298 | D:10     | Gained mutation: Your body sometimes deteriorates upon
                  | taking damage. [potion of mutation]
 11298 | D:10     | Gained mutation: You occasionally lose the ability to read
                  | scrolls when taking damage. [potion of mutation]
 11298 | D:10     | Gained mutation: You passively map a small area around you.
                  | [potion of mutation]
 11299 | D:10     | Lost mutation: Your skin changes colour to match your
                  | surroundings (Stealth+). [potion of mutation]
 11299 | D:10     | Lost mutation: You occasionally lose the ability to read
                  | scrolls when taking damage. [potion of mutation]
 11299 | D:10     | Gained mutation: You are somewhat resistant to further
                  | mutation. [potion of mutation]
 11299 | D:10     | Gained mutation: You are agile. (Dex +4, Str/Int -1)
                  | [potion of mutation]
 11300 | D:10     | Lost mutation: Your body sometimes deteriorates upon taking
                  | damage. [potion of mutation]
 11300 | D:10     | Lost mutation: You are agile. (Dex +4, Str/Int -1) [potion
                  | of mutation]
 11300 | D:10     | Lost mutation: You are somewhat resistant to further
                  | mutation. [potion of mutation]
 11300 | D:10     | Gained mutation: You expend magic power (3 MP) to
                  | strengthen your wands. [potion of mutation]
 11301 | D:10     | Lost mutation: You passively map a small area around you.
                  | [potion of mutation]
 11301 | D:10     | Lost mutation: You expend magic power (3 MP) to strengthen
                  | your wands. [potion of mutation]
 11301 | D:10     | Gained mutation: You are robust. (+10% HP) [potion of
                  | mutation]
 11301 | D:10     | Gained mutation: Potions are less effective at restoring
                  | your health. [potion of mutation]
 11383 | D:11     | Noticed a two-headed ogre
 11393 | D:11     | Killed a two-headed ogre
 11660 | D:11     | Found a staircase to the Orcish Mines.
 11712 | D:11     | Found an ancient bone altar of Kikubaaqudgha.
 11800 | D:11     | Found Vohaajur's Antique Weapon Emporium.
 11949 | D:11     | Noticed a manticore
 11961 | D:11     | Killed a manticore
 11996 | D:11     | Bought a glowing glaive for 247 gold pieces
 11996 | D:11     | Bought a runed trident for 169 gold pieces
 12660 | D:12     | Reached XP level 12. HP: 95/95 MP: 12/12
 13010 | D:12     | Reached skill level 10 in Armour
 13195 | D:12     | Reached **** piety under Hepliaklqana
 13423 | D:12     | Found a large runed translucent door.
 13423 | D:12     | Found a large runed translucent door.
 14020 | D:12     | Paralysed by an air elemental for 1 turns
 14172 | D:13     | Noticed a centaur warrior
 14183 | D:13     | Killed a centaur warrior
 14232 | D:13     | Noticed a tengu warrior
 14243 | D:12     | Killed a tengu warrior
 14369 | D:13     | Noticed a boulder beetle
 14377 | D:13     | Noticed a boulder beetle
 14377 | D:13     | Killed a boulder beetle
 14383 | D:13     | Killed a boulder beetle
 14846 | D:13     | Reached skill level 10 in Evocations
 14849 | D:13     | Reached skill level 1 in Invocations
 14868 | D:13     | Noticed a centaur warrior
 14874 | D:13     | Killed a centaur warrior
 14875 | D:13     | Reached XP level 13. HP: 101/101 MP: 11/15
 14940 | D:13     | Reached skill level 5 in Invocations
 15211 | D:13     | Identified a scroll of acquirement
 15214 | D:13     | Acquired the +1 pair of boots "Zeysuh" {rF+ rN+}
 15260 | D:13     | Found a gate to the Vaults.
 15260 | D:13     | Noticed a vault guard
 15260 | D:13     | Noticed a vault guard
 15282 | D:13     | Killed a vault guard
 15543 | D:13     | Killed a vault guard
 15940 | D:14     | Noticed a rakshasa
 15942 | D:14     | Found Dyrotik's Jewellery Shop.
 15957 | D:14     | Killed a rakshasa
 15958 | D:14     | Reached skill level 15 in Polearms
 16263 | D:14     | Reached skill level 16 in Polearms
 16278 | D:14     | Identified the +2 robe of the Komodo Dragon {Int+5}
 16478 | D:14     | Reached XP level 14. HP: 70/108 MP: 13/20
 16483 | D:14     | Reached skill level 17 in Polearms
 16724 | D:15     | Entered Level 15 of the Dungeon
 16799 | D:15     | Found a staircase to the Depths.
 16945 | D:15     | Reached skill level 18 in Polearms
 17269 | D:15     | Reached ***** piety under Hepliaklqana
 18631 | Lair:1   | Entered Level 1 of the Lair of Beasts
 18644 | Lair:1   | Found a gate leading to a gauntlet.
 18654 | Gauntlet | Entered a Gauntlet
 18654 | Gauntlet | Found a transporter.
 18654 | Gauntlet | Found a transporter.
 18658 | Gauntlet | Found a transporter.
 18658 | Gauntlet | Found a transporter.
 18667 | Gauntlet | Found a transporter.
 18688 | Gauntlet | Found a transporter.
 18696 | Gauntlet | Found a transporter.
 18696 | Gauntlet | Found a transporter.
 18702 | Gauntlet | Found a transporter.
 18711 | Gauntlet | Found a transporter.
 18717 | Gauntlet | Found a transporter.
 18763 | Gauntlet | Found a transporter.
 18809 | Gauntlet | Found a transporter.
 18825 | Gauntlet | Found a transporter.
 18928 | Gauntlet | Found a transporter.
 18942 | Gauntlet | Found a transporter.
 19112 | Gauntlet | Identified the ring of Secrets {Fly Int+7}
 19119 | Gauntlet | Identified the +0 chain mail "Fikhoc" {*Slow rCorr Dex-2
                  | Slay+4}
 19240 | Gauntlet | Identified the ring "Zamuiroim" {*Slow rPois rCorr Int+5
                  | Slay+3}
 20415 | Lair:2   | Reached XP level 15. HP: 41/113 MP: 9/21
 20616 | Lair:2   | Found a staircase to the Swamp.
 20647 | Lair:2   | You fall into a shaft and drop 1 floor!
 20734 | Lair:3   | Identified the +5 dagger of the Lurker {chaos, rElec rF+
                  | rC- rN+}
 20899 | Lair:3   | Reached ****** piety under Hepliaklqana
 20966 | Lair:3   | Found a staircase to the Snake Pit.
 21494 | Lair:4   | Noticed Sonja
 21500 | Lair:4   | Killed Sonja
 21757 | Lair:4   | Lost mutation: Potions are less effective at restoring your
                  | health. [potion of mutation]
 21757 | Lair:4   | Lost mutation: You are robust. (+10% HP) [potion of
                  | mutation]
 21757 | Lair:4   | Gained mutation: Your spells are a little easier to cast,
                  | but a little less powerful. [potion of mutation]
 21757 | Lair:4   | Gained mutation: You are frail. (-10% HP) [potion of
                  | mutation]
 21757 | Lair:4   | Gained mutation: You are partially covered in iridescent
                  | scales. (AC +2) [potion of mutation]
 21758 | Lair:4   | Lost mutation: You are frail. (-10% HP) [potion of
                  | mutation]
 21758 | Lair:4   | Lost mutation: Your spells are a little easier to cast, but
                  | a little less powerful. [potion of mutation]
 21758 | Lair:4   | Lost mutation: You are partially covered in iridescent
                  | scales. (AC +2) [potion of mutation]
 21758 | Lair:4   | Gained mutation: You have a pair of small antennae on your
                  | head. [potion of mutation]
 21758 | Lair:4   | Gained mutation: Armour fits poorly on your strangely
                  | shaped body. [potion of mutation]
 21758 | Lair:4   | Gained mutation: Your muscles are strong. (Str +4, Int/Dex
                  | -1) [potion of mutation]
 21874 | Lair:4   | Lost mutation: Your muscles are strong. (Str +4, Int/Dex
                  | -1) [potion of mutation]
 21874 | Lair:4   | Lost mutation: Armour fits poorly on your strangely shaped
                  | body. [potion of mutation]
 21874 | Lair:4   | Lost mutation: You have a pair of small antennae on your
                  | head. [potion of mutation]
 21874 | Lair:4   | Gained mutation: Your flesh is heat resistant. (rF+)
                  | [potion of mutation]
 21876 | Lair:4   | Found a viscous altar of Jiyva.
 21879 | Lair:4   | Found a staircase to the Slime Pits.
 22310 | Lair:5   | Entered Level 5 of the Lair of Beasts
 22990 | Lair:5   | Noticed Urug
 22995 | Lair:5   | Killed Urug
 23203 | Lair:5   | Reached skill level 10 in Fighting
 23272 | Lair:5   | Identified the +2 scimitar of Peril {freeze, Int+2}
 24321 | Orc:1    | Entered Level 1 of the Orcish Mines
 24366 | Orc:2    | Entered Level 2 of the Orcish Mines
 24696 | Orc:2    | Found a staircase to the Elven Halls.
 24713 | Orc:2    | Noticed an orc warlord
 24721 | Orc:2    | Reached XP level 16. HP: 104/114 MP: 19/22
 25083 | Orc:2    | Found Cyisakou's Assorted Antiques.
 25234 | Orc:1    | Noticed Josephine
 25238 | Orc:1    | Killed Josephine
 25823 | Orc:2    | Found Puedufap's Antique Armour Shoppe.
 25824 | Orc:2    | Found Xynualipn's Antique Weapon Shoppe.
 25826 | Orc:2    | Found Udiogeal's General Store.
 25826 | Orc:2    | Found Awugid's Jewellery Emporium.
 25831 | Orc:2    | Bought a scroll of acquirement for 780 gold pieces
 25832 | Orc:2    | Bought the amulet of Edgha {rF++ Regen+} for 599 gold
                  | pieces
 25941 | Orc:2    | Bought a glowing helmet for 240 gold pieces
 25943 | Orc:2    | Acquired the amulet "Xalas" {RegenMP Will++ Regen+ rCorr
                  | Dex-5}
 26011 | Elf:1    | Entered Level 1 of the Elven Halls
 26022 | Elf:1    | Reached skill level 1 in Spellcasting
 26358 | Elf:1    | Reached skill level 5 in Spellcasting
 26836 | Snake:1  | Entered Level 1 of the Snake Pit
 26874 | Snake:1  | Noticed Agnes
 26883 | Snake:1  | Killed Agnes
 26895 | Snake:1  | Noticed Jorgrun
 27278 | Snake:2  | HP: 5/119 [poisoned by a naga mage (bolt of poison)]
 27548 | Snake:2  | Found the +8 mithril axe "Arga" {speed, Will+}
 27590 | Snake:2  | Found a frozen archway.
 27596 | Snake:2  | Reached XP level 17. HP: 123/125 MP: 29/29
 27610 | IceCv    | Entered an ice cave
 27659 | IceCv    | Demolished by a spriggan defender simulacrum

Illustrated notes

Levels and vault maps discovered:
D:1:      heliophobic_arrival_ceremonial_halls, layout_loops_ring,
          serial_bayou_pond_d, nicolae_concentric_dashed_squares_mild
D:2:      layout_basic, basic_altar, minmay_pentomino_s2
D:3:      layout_loops_corners, serial_shops, nicolae_shop_stone,
          nicolae_elevator_lobby_asterisk
D:4:      layout_rooms, overflow_temple_1_default, slow_altar_1,
          gup_sewer_entry_spiral, hellmonk_ghost_happy_afterlife, dk_vineyard_3,
          uniq_natasha
D:5:      layout_loops_corners, fedhas_altar_fruit_tree,
          kennysheep_orc_sif_temple, minmay_temple_entry_glassed_door,
          bh_walls_and_bars
D:6:      layout_gridville, chequers_temple_overflow_statue_of_worship
D:7:      layout_basic, zin_purify, ebering_ghost_disaster_area,
          enter_ossuary_4, serial_shops, nicolae_shop_drivethru, uniq_joseph
D:8:      layout_layer_cave, dpeg_oklobed_lair, kb_lookout_dungeons_type,
          uniq_erica
D:9:      layout_rooms, mainiacjoe_overflow_six_doors_small,
          minmay_variable_closet, uniq_harold
D:10:     layout_loops_cross, nicolae_qazlal_style_of_elements, serial_ice,
          serial_ice_c, serial_ice_d, serial_ice_f, serial_ice_a, serial_ice_e,
          serial_ice_j, nicolae_shop_overcharged_wands
D:11:     layout_basic, orc_0_dummy, serial_shops, shop,
          nicolae_kikubaaqudgha_miasma_corner
D:12:     layout_stronghold, hangedman_weighted_door, lightli_elemental_guards
D:13:     layout_loops_ring, grunt_vaults_entry_tiered, nooodl_orcs_dogs
D:14:     layout_loops_ring, serial_shops, shop, grunt_decor_cap
D:15:     grunt_enter_depths_magical_seal, layout_irregular_city
Temple:   ebering_untended_altars
Lair:1:   layout_hall_layers, gauntlet_entry_generic, ldierk_geyser,
          infiniplex_staircase_pool_2
Lair:2:   lemuel_slime, layout_gridlike, swamp_mist_pool, roderic_batcave,
          st_stairs_4
Lair:3:   layout_chaotic_city, nicolae_snake_entry_warm_welcome,
          chequers_serial_rivers_small_b
Lair:4:   layout_long_grid, nicolae_slime_entry_field_trip,
          cheibrodos_lair_reptile_den, uniq_sonja
Lair:5:   minmay_lair_end_frog_pond, layout_regular_city, lemuel_fruit_tree,
          serial_bayou_shore_a, uniq_urug
Snake:1:  layout_rooms, gammafunk_ghost_grave, serial_shops, shop,
          serial_bayou_pond_c, st_stairs_6, nicolae_snake_dead_anacondas,
          uniq_jorgrun, uniq_agnes
Snake:2:  layout_cave_town, portal_ice_cave_entry_ugly_swarm
Snake:3:  layout_honeycomb, serial_shops, shop, grunt_megastairs_1
Orc:1:    layout_caves, uniq_josephine
Orc:2:    st_orc_congregation, layout_caves, serial_shops, shop
Elf:1:    minmay_elf_arrival_summoners, layout_geoelf_octagon,
          hangedman_elven_crosses_minicolossus
IceCv:    ice_cave_small_demon

Skill      XL: |  1  2  3  4  5  6  7  8  9 10 11 12 13 14 15 16 |
---------------+-------------------------------------------------+-----
Polearms       | 5 6 7 9 10 11 14 16 18 | 18.0
Fighting       | 5 8 9 11 14 | 14.0
Dodging        | 5 7 |  7.0
Evocations     | 5 10 | 10.0
Armour         | 2 6 9 10 12 14 | 14.0
Invocations    | 3 9 |  9.0
Spellcasting   | 8 |  8.9
Throwing       | |  2.0

Action                     |  1- 3 |  4- 6 |  7- 9 | 10-12 | 13-15 | 16-18 || total
---------------------------+-------+-------+-------+-------+-------+-------++-------
  Melee: Trident           |   117 |   193 |   448 |   325 |       |       ||  1083
         Punch             |     1 |     2 |     5 |     3 |       |       ||    11
         Tailslap          |       |     4 |       |       |     4 |       ||     8
         Glaive            |       |       |       |   158 |   882 |   414 ||  1454
  Throw: Throwing net      |     1 |       |     3 |       |     1 |       ||     5
         Javelin           |       |     1 |       |       |     1 |       ||     2
 Invoke: Recall Ancestor   |       |       |       |     3 |     7 |     4 ||    14
         Ancestor Life: Kn |       |       |       |     1 |       |       ||     1
         Idealise          |       |       |       |       |       |     2 ||     2
  Evoke: Wand              |       |       |     1 |     2 |     9 |     4 ||    16
         Sack of spiders   |       |       |       |       |       |     1 ||     1
    Use: Scroll            |    11 |     3 |    11 |     4 |     8 |     5 ||    42
         Potion            |       |     3 |     3 |     4 |     6 |     7 ||    23
   Stab: Sleeping          |     3 |     5 |     3 |       |       |       ||    11
         Distracted        |       |       |     1 |     5 |     8 |     2 ||    16
         Held in net/web   |       |       |     2 |       |       |       ||     2
         Invisible         |       |       |       |       |       |     1 ||     1
 Armour: Leather armour    |    40 |    61 |    59 |       |       |       ||   160
         Skin              |       |    17 |       |       |       |       ||    17
         Chain mail        |       |       |   178 |   301 |   459 |   307 ||  1245
  Dodge: Dodged            |    36 |    84 |   140 |   144 |   252 |   128 ||   784

Table legend: (Time is in decaauts)
 A = Elapsed time spent in this place.
 B = Non-inter-level travel time spent in this place.
 C = Inter-level travel time spent in this place.
 D = Time resting spent in this place.
 E = Time spent auto-exploring this place.
 F = Levels seen in this place.
 G = Mean time per level.
                   A        B        C        D        E       F      G
               +--------+--------+--------+--------+--------+-----+--------+
         Total |  27002 |  25590 |   1412 |   5331 |  15778 |  31 |  871.0 |
       Dungeon |  17778 |  16731 |   1047 |   3679 |  10504 |  15 | 1185.2 |
        Temple |     18 |      1 |     17 |      0 |      0 |   1 |   18.0 |
          Lair |   4831 |   4622 |    209 |    212 |   3650 |   5 |  966.2 |
     Snake Pit |    751 |    751 |      0 |    461 |     23 |   3 |  250.3 |
  Orcish Mines |   1951 |   1815 |    136 |    544 |    902 |   2 |  975.5 |
   Elven Halls |    380 |    380 |      0 |    206 |     48 |   1 |  380.0 |
         Sewer |    260 |    260 |      0 |      0 |    199 |   1 |  260.0 |
       Ossuary |    324 |    324 |      0 |    113 |    132 |   1 |  324.0 |
      Ice Cave |     47 |     47 |      0 |      0 |     25 |   1 |   47.0 |
      Gauntlet |    657 |    657 |      0 |    115 |    295 |   1 |  657.0 |
               +--------+--------+--------+--------+--------+-----+--------+

Top non-repeatable levels by time:
   Orc:2: 1608 daAuts
    D:14: 1563 daAuts
    D:12: 1556 daAuts
    D:13: 1507 daAuts
     D:7: 1323 daAuts
     D:8: 1313 daAuts
    D:11: 1288 daAuts
    D:15: 1283 daAuts
  Lair:5: 1268 daAuts
     D:3: 1242 daAuts
     D:5: 1242 daAuts
     D:6: 1226 daAuts
  Lair:2: 1076 daAuts
     D:2: 1023 daAuts
    D:10: 935 daAuts
